 Dungeon Crawl Stone Soup version 0.31.0-9-g3a7656b989 (webtiles) character file.

Game seed: 10585467962213743844

438 qw the Skirmisher (level 6, -2/35 HPs)
             Began as a Deep Elf Hunter on Feb 2, 2024.
             Slain by a killer bee (6 damage)
             ... on level 4 of the Dungeon.
             The game lasted 00:00:13 (3114 turns).

qw the Skirmisher (Deep Elf Hunter)                 Turns: 3114, Time: 00:00:13

Health: -2/35      AC:  7    Str: 10    XL:     6   Next: 69%
Magic:  8/8        EV: 11    Int: 14    God:
Gold:   195        SH:  0    Dex: 18    Spells: 5/5 levels left

rFire   . . .        a - +0 shortbow
rCold   . . .        (shield currently unavailable)
rNeg    . . .        k - +0 ring mail
rPois   .            (no helmet)
rElec   .            (no cloak)
rCorr   .            (no gloves)
SInv    .            m - +1 pair of boots
Will    +....        (no amulet)
Stlth   +            f - ring of willpower
HPRegen 0.25/turn    (no ring)
MPRegen 0.11/turn

%: no passive effects
@: about to teleport
A: no striking features
a: no special abilities


You were on level 4 of the Dungeon.
You visited 1 branch of the dungeon, and saw 5 of its levels.

You collected 195 gold pieces.


   Skills:
 - Level 2.1 Fighting
 - Level 10.3 Ranged Weapons
 + Level 2.4 Dodging
 - Level 1.2 Stealth


You had 5 spell levels left.
You didn't know any spells.
Your spell library was empty.

Inventory:

Hand Weapons
 a - a +0 shortbow (weapon)
Armour
 k - a +0 ring mail (worn)
 m - a +1 pair of boots (worn)
Jewellery
 f - a ring of willpower (left hand)
Wands
 b - a wand of flame (19)
 e - a wand of charming (4)
Scrolls
 d - a scroll of teleportation
Potions
 g - a potion of resistance
 h - a potion of curing {unknown}
 j - a potion of mutation

Dungeon Overview and Level Annotations

Branches:
Dungeon (5/15)
 Temple: D:4-7

Altars:
Sif Muna
Trog
Uskayaw


Message History

You are poisoned.
The killer bee poisons you! The killer bee stings you.
The killer bee barely misses you.
You climb upwards.
You feel very sick.
There is a stone staircase leading down here.
You shoot an arrow. The arrow hits the killer bee!
The killer bee is severely wounded.
You feel sick. The killer bee barely misses you. x2
The killer bee stings you but does no damage.
The killer bee barely misses you.
You shoot an arrow. The arrow misses the killer bee.
You feel sick. The killer bee misses you. The killer bee closely misses you.
The killer bee stings you but does no damage.
The killer bee closely misses you.
You shoot an arrow.
The arrow hits the killer bee but does no damage.
The killer bee is severely wounded.
You feel sick. The killer bee stings you. The killer bee misses you.
The killer bee closely misses you.
The killer bee stings you but does no damage.
You shoot an arrow. The arrow barely misses the killer bee.
You feel sick.
The killer bee barely misses you. x2; The killer bee stings you. x2
3112 ||| READING 2 scrolls of teleportation.
As you read the scroll of teleportation, it crumbles to dust.
You feel strangely unstable.
You feel sick.
The killer bee stings you but does no damage.
The killer bee barely misses you. The killer bee closely misses you.
The killer bee stings you.
You shoot an arrow.
The arrow closely misses the killer bee.
You feel sick.
You are no longer poisoned.
The killer bee stings you but does no damage.
The killer bee closely misses you. x2; The killer bee barely misses you.
You shoot an arrow.
The arrow closely misses the killer bee.
The killer bee stings you.
You die...

#.###################.#
#.....................#
#.###..#############..#
...##..# #..# #..##..#
#..# #..##..# #..#
#..##.:####### #..#
#..##..##....#######..#
...............y@.....#
###.##.##..#.##y.####.#
........#..#..).......#
###.#####..##.#########
# #.#......##.# #
#.#.##...##.# #
#.#.##...##.# #
#.#.#<...##.#
###.#.###..##.#


You could see 2 killer bees.

Vanquished Creatures
  A phantom (D:4)
  A scorpion (D:4)
  A jelly (D:4)
  2 orc priests (D:3)
  Jessica (D:3)
  An orc wizard (D:4)
  9 adders
  A shadow imp (D:4)
  2 ribbon worms
  2 dart slugs
  7 orcs
  4 endoplasms
  4 giant cockroaches (D:1)
  5 goblins
  4 hobgoblins
  3 quokkas
  6 ball pythons
  3 bats
  2 frilled lizards
  6 kobolds
  7 rats
72 creatures vanquished.

Notes
Turn   | Place    | Note
-------+----------+-------------------------------------------
     0 | D:1      | qw the Deep Elf Hunter began the quest for the Orb.
     0 | D:1      | Reached XP level 1. HP: 12/12 MP: 3/3
     0 | D:1      | 0 ||| qw: Version: 0.3-a-155-g5e7d8dd
     0 | D:1      | 0 ||| qw: Game counter: 1995
     0 | D:1      | 0 ||| qw: Melee chars always use a shield: true
     0 | D:1      | 0 ||| qw: God list: Okawaru
     0 | D:1      | 0 ||| qw: Allow faded altars: false
     0 | D:1      | 0 ||| qw: Do Orc after clearing Dungeon:15 true
     0 | D:1      | 0 ||| qw: Do second Lair branch before Depths: true
     0 | D:1      | 0 ||| qw: Lair rune preference: random
     0 | D:1      | 0 ||| qw: Goals: Normal
     0 | D:1      | 0 ||| PLANNING D:1-11
    51 | D:1      | Reached XP level 2. HP: 16/16 MP: 4/4
    71 | D:1      | Reached skill level 6 in Ranged Weapons
   684 | D:1      | 684 ||| UPGRADING to ring of willpower.
   685 | D:1      | 685 ||| READING 2 scrolls labelled YSKOKK ZEJULA.
   690 | D:1      | 690 ||| READING scroll labelled JOPHEO HEMIUM.
   690 | D:1      | 690 ||| ENCHANTING +0 shortbow.
   691 | D:1      | 691 ||| READING scroll labelled YSIOXTILU.
   691 | D:1      | 691 ||| IDENTIFYING bubbling yellow potion
   692 | D:1      | 692 ||| DRINKING 2 lumpy puce potions.
   696 | D:1      | 696 ||| DROPPING scroll of butterflies.
   697 | D:1      | 697 ||| DROPPING potion of ambrosia.
   709 | D:2      | Reached XP level 3. HP: 20/20 MP: 5/5
   811 | D:2      | Reached skill level 7 in Ranged Weapons
   912 | D:2      | Reached XP level 4. HP: 9/25 MP: 6/6
   914 | D:2      | HP: 6/25 [poisoned by an adder]
  1028 | D:2      | Found a faded altar of an unknown god.
  1095 | D:2      | 1095 ||| UPGRADING to +0 scale mail.
  1105 | D:2      | 1105 ||| DROPPING +0 leather armour.
  1106 | D:2      | 1106 ||| UPGRADING to +0 ring mail.
  1116 | D:2      | 1116 ||| DROPPING +0 scale mail.
  1117 | D:2      | 1117 ||| UPGRADING to +0 pair of boots.
  1122 | D:2      | 1122 ||| READING scroll of enchant armour.
  1122 | D:2      | 1122 ||| ENCHANTING +0 pair of boots.
  1123 | D:2      | 1123 ||| READING scroll labelled QILYAG OKK.
  1124 | D:2      | 1124 ||| READING scroll labelled EZOFUCO ZURCH.
  1125 | D:2      | 1125 ||| READING scroll labelled LEMAUPLUAMP.
  1170 | D:3      | Found a shimmering blue altar of Sif Muna.
  1183 | D:3      | Noticed Jessica
  1193 | D:3      | Killed Jessica
  1194 | D:3      | Reached skill level 8 in Ranged Weapons
  1259 | D:3      | Found a bloodstained altar of Trog.
  1974 | D:3      | Reached XP level 5. HP: 29/29 MP: 7/7
  2061 | D:3      | 2061 ||| READING scroll of identify.
  2061 | D:3      | 2061 ||| IDENTIFYING golden potion
  2079 | D:4      | Reached skill level 9 in Ranged Weapons
  2633 | D:4      | Reached XP level 6. HP: 34/35 MP: 8/8
  2682 | D:4      | Found a hide-covered altar of Uskayaw.
  2795 | D:4      | Reached skill level 10 in Ranged Weapons
  2931 | D:4      | 2931 ||| READING 2 scrolls labelled SEOXTI ERRUAST.
  2932 | D:4      | 2932 ||| DRINKING 2 green potions.
  2933 | D:4      | 2933 ||| DROPPING potion of attraction.
  2934 | D:4      | 2934 ||| DROPPING scroll of poison.
  2936 | D:4      | 2936 ||| Stepping ~*~*~tactically~*~*~ (cloud).
  3104 | D:5      | Entered Level 5 of the Dungeon
  3106 | D:5      | 3106 ||| STAIRDANCE
  3111 | D:4      | HP: 8/35 [killer bee (3)]
  3112 | D:4      | 3112 ||| READING 2 scrolls of teleportation.
  3114 | D:4      | Slain by a killer bee

Levels and vault maps discovered:
D:1:      saegor_arrival_simple_a, layout_basic, minmay_misc_feat_doors,
          serial_bayou_pond_d
D:2:      layout_basic, hellmonk_ecumenical_altar_crossroads,
          kennysheep_generic_room_6
D:3:      layout_basic, mainiacjoe_overflow_alcove_1,
          mainiacjoe_overflow_tiny_flanked, roderic_roman_lattice, uniq_jessica
D:4:      layout_basic, kennysheep_mini
D:5:      layout_cave_pools, slow_altar_2, minmay_temple_entry_drinking_statues

Skill      XL: |  1  2  3  4  5  6 |
---------------+-------------------+-----
Ranged Weapons | 6 7 8 9 10 | 10.3
Fighting       | 2 |  2.1
Dodging        | |  2.4
Stealth        | |  1.2

Action                     |  1- 3 |  4- 6 || total
---------------------------+-------+-------++-------
   Fire: Shortbow          |   117 |   150 ||   267
    Use: Scroll            |     3 |     7 ||    10
         Potion            |     1 |     1 ||     2
 Armour: Leather armour    |    30 |       ||    30
         Ring mail         |       |    41 ||    41
  Dodge: Dodged            |    33 |    47 ||    80

Table legend:
 A = Non-vault XP
 B = Vault XP
 C = Vault XP percentage of total XP
 D = Non-vault monster count
 E = Vault monster count
 F = Vault count percentage of total count
                 A         B        C        D         E       F
            +---------+---------+-------+---------+---------+-------
      Total |     585 |      42 |   6.7 |      68 |       4 |   5.6
            +---------+---------+-------+---------+---------+-------
        D:1 |      39 |       0 |   0.0 |      25 |       0 |   0.0
        D:2 |      70 |       5 |   6.7 |      12 |       3 |  20.0
        D:3 |     122 |      37 |  23.3 |      15 |       1 |   6.2
        D:4 |     354 |       0 |   0.0 |      16 |       0 |   0.0
            +---------+---------+-------+---------+---------+-------
